 Dungeon Crawl Stone Soup version 0.28-a0-313-gbc0475efdd (webtiles) character file.

Game seed: 3303549822504181496

9295 siradein the Grappler (level 11, -20/117 HPs)
             Began as a Troll Monk on Aug 31, 2021.
             Was an Elder of Makhleb.
             Demolished by a titanic slime creature (38 damage)
             ... on level 11 of the Dungeon.
             The game lasted 00:12:49 (7304 turns).

siradein the Grappler (Troll Monk)                  Turns: 7304, Time: 00:12:50

Health: -20/117    AC:  9    Str: 24    XL:     11   Next: 21%
Magic:  14/14      EV: 10    Int:  6    God:    Makhleb [****..]
Gold:   393        SH:  0    Dex: 12    Spells: 10/10 levels left

rFire   . . .      SeeInvis .     - Unarmed
rCold   . . .      Faith    .   (no shield)
rNeg    . . .      Spirit   .   K - +0 troll leather armour
rPois   .          Reflect  .   (helmet restricted)
rElec   .          Harm     .   F - +2 cloak
rCorr   .          Rampage  .   (gloves unavailable)
Will    .....                   (boots unavailable)
Stlth   +.........              w - amulet of regeneration
HPRegen 3.29/turn               (no ring)
MPRegen 0.14/turn               (no ring)

@: no status effects
A: large, unfitting armour, claws 3, regeneration 1, shaggy fur 1, tough skin 1
a: Renounce Religion, Minor Destruction, Lesser Servant of Makhleb, Major
Destruction


You were on level 11 of the Dungeon.
You worshipped Makhleb.
Makhleb was greatly pleased with you.
You visited 2 branches of the dungeon, and saw 11 of its levels.

You collected 393 gold pieces.

Inventory:

Missiles
 d - 48 poisoned darts (quivered)
 p - 4 throwing nets
Armour
 A - +0 steam dragon scales
 F - a +2 cloak (worn)
 K - a +0 troll leather armour (worn)
Jewellery
 w - an amulet of regeneration (around neck)
 G - an amulet of the acrobat
Wands
 a - a wand of iceblast (16)
 m - a wand of paralysis (13)
 r - a wand of polymorph (9)
 v - a wand of flame (32)
Scrolls
 b - 4 scrolls of enchant weapon {unknown}
 c - 2 scrolls of acquirement {unknown}
 g - 10 scrolls of identify {unknown}
 i - 3 scrolls of teleportation {unknown}
 j - 2 scrolls of noise {unknown}
 l - 3 scrolls of fog {unknown}
 o - a scroll of fear {unknown}
 q - 3 scrolls of vulnerability {unknown}
 t - 2 scrolls of amnesia {unknown}
 u - 3 scrolls of immolation {unknown}
 x - a scroll of blinking {unknown}
 C - a scroll of enchant armour {unknown}
 D - a scroll of holy word {unknown}
 I - 2 scrolls of torment {unknown}
Potions
 e - 3 potions of lignification {unknown}
 f - 2 potions of attraction {unknown}
 h - 2 potions of heal wounds {unknown}
 k - 3 potions of curing {unknown}
 n - a potion of haste
 s - 2 potions of flight {unknown}
 z - 3 potions of mutation {unknown}
 B - a potion of invisibility {unknown}
 E - a potion of might {unknown}
 H - 7 potions of ambrosia
 J - a potion of resistance {unknown}
Miscellaneous
 y - a tin of tremorstones (2/2)


   Skills:
 + Level 10.1 Fighting
 - Level 2.4 Dodging
 - Level 1.0 Stealth
 + Level 11.8 Unarmed Combat
 + Level 5.4 Invocations


You had 10 spell levels left.
You didn't know any spells.
Your spell library contained the following spells:

 Spells                   Type           Power      Damage    Failure   Level
 Animate Skeleton         Necr           0%         N/A       50%         1
 Pain                     Necr           0%         1d4       50%         1
 Sandblast                Erth           0%         2d4       50%         1
 Passwall                 Tmut/Erth      0%         N/A       65%         2
 Swiftness                Air            0%         N/A       86%         3
 Vampiric Draining        Necr           0%         2d6       86%         3
 Lee's Rapid Deconstruct  Erth           0%         3d5*      100%        5
 Summon Cactus Giant      Summ           0%         N/A       100%        5
 Summon Forest            Summ/Tloc      0%         N/A       100%        5
 Summon Mana Viper        Hex/Summ       0%         N/A       100%        5
 Invisibility             Hex            0%         N/A       100%        6


Dungeon Overview and Level Annotations

Branches:
Dungeon (9/15)             Temple (1/1) D:7             Orc (0/2) D:9
   Lair: D:8-11

Altars:
Ashenzari
Dithmenos
Elyvilon
Fedhas
Gozag
Hepliaklqana
Kikubaaqudgha
Makhleb
Nemelex Xobeh
Okawaru
Qazlal
Ru
Sif Muna
Trog
Uskayaw
Wu Jian
Yredelemnul
Zin
The Shining One

Shops:
D:7 !   D:9 (

Annotations:
D:6 1 runed translucent door, Atlas's ghost, novice DgTm


Innate Abilities, Weirdness & Mutations

You are too large for most types of armour.
You have claws for hands.
Your natural rate of healing is unusually fast.
You are covered in fur. (AC +1)
You have tough skin. (AC +1)


Message History

A slime creature comes into view.
The sentinel's mark upon you fades away.
The slime creature hits you!
Things that are here:
a +0 mace; a +0 scale mail; the human corpse of Harold Two slime creatures merge to form a large slime creature.
You see here a +0 hand axe.
Things that are here:
a +0 dagger; an orc corpse
Things that are here:
a +0 whip; a +0 ring mail You see here a troll corpse.
You barely miss the slime creature.
The slime creature hits you but does no damage.
Two slime creatures merge to form a very large slime creature.
You claw the very large slime creature!
Your claw misses the very large slime creature.
The very large slime creature is lightly wounded.
You barely miss the very large slime creature.
The very large slime creature is lightly wounded.
Two slime creatures merge to form an enormous slime creature.
You claw the enormous slime creature!
The enormous slime creature is lightly wounded.
You scratch the enormous slime creature but do no damage.
The enormous slime creature is lightly wounded.
The enormous slime creature hits you!!!
Two slime creatures merge to form a titanic slime creature.
You mangle the titanic slime creature!!
The titanic slime creature is lightly wounded.
You claw the titanic slime creature!
The titanic slime creature is lightly wounded.
You claw the titanic slime creature!
The titanic slime creature is moderately wounded.
The titanic slime creature hits you!!!!
Ouch! That really hurt!
* * * LOW HITPOINT WARNING * * *
You scratch the titanic slime creature but do no damage.
The titanic slime creature is moderately wounded.
The titanic slime creature hits you!!!
You die...

#######
####.....##########
#........J@.......########
#.......####.............#
#.###'###..#..............
#.#........#).............
#.#........#..............
#†#........#..............
#)#[.......#....###+#+##+#
#)##'#######....#
#)).............#


You could see a titanic slime creature.

Vanquished Creatures
  Harold (D:11)
  2 two-headed ogres (D:11)
  Maggie (D:7)
  A queen bee (D:9)
  2 trolls
  Grinder (D:5)
  Prince Ribbit (D:9)
  8 yaks
  4 water moccasins
  A swamp drake (D:9)
  5 orc warriors
  3 sky beasts
  2 necrophages
  An ice beast (D:8)
  2 ogres (D:6)
  A centaur (D:6)
  2 phantoms
  3 bullfrogs
  A scorpion (D:6)
  A water moccasin skeleton (D:5)
  24 killer bees (D:9)
  13 wights (D:6)
  3 howler monkeys
  2 centaur zombies
  Crazy Yiuf (D:3)
  A hound (D:5)
  4 orc priests
  A jelly (D:4)
  A bullfrog skeleton (D:6)
  3 iguanas
  Natasha (thrice) (D:3)
  12 orc wizards
  2 howler monkey zombies
  A howler monkey skeleton (D:7)
  6 adders
  A white imp (D:6)
  An ufetubus (D:6)
  A worm (D:2)
  3 dart slugs
  35 orcs
  9 bats
  12 endoplasms
  4 giant cockroaches
  16 goblins
  7 hobgoblins
  A jackal (D:3)
  4 quokkas
  5 ball pythons
  2 frilled lizards (D:2)
  5 kobolds
  7 rats
233 creatures vanquished.

Vanquished Creatures (others)
  5 plants (D:5)
5 creatures vanquished.

Grand Total: 238 creatures vanquished

Notes
Turn   | Place    | Note
-------+----------+-------------------------------------------
     0 | D:1      | siradein the Troll Monk began the quest for the Orb.
     0 | D:1      | Reached XP level 1. HP: 22/22 MP: 0/0
   193 | D:1      | Reached XP level 2. HP: 25/25 MP: 1/1
   491 | D:1      | Reached XP level 3. HP: 36/37 MP: 2/2
   494 | D:1      | Found a faded altar of an unknown god.
  1328 | D:2      | Reached skill level 4 in Unarmed Combat
  1484 | D:3      | Noticed Natasha
  1491 | D:3      | Killed Natasha
  1492 | D:3      | Reached XP level 4. HP: 42/45 MP: 3/3
  1500 | D:3      | Found a sacrificial altar of Ru.
  1776 | D:3      | Reached XP level 5. HP: 54/54 MP: 4/4
  2032 | D:3      | Found a runed translucent door.
  2033 | D:3      | Noticed Crazy Yiuf
  2284 | D:3      | Noticed Natasha
  2292 | D:3      | Killed Natasha
  2298 | D:3      | Noticed Natasha
  2304 | D:3      | Killed Natasha
  2461 | D:4      | Reached skill level 5 in Unarmed Combat
  2470 | D:4      | Reached XP level 6. HP: 59/63 MP: 5/5
  3001 | D:5      | Entered Level 5 of the Dungeon
  3046 | D:5      | Found an opulent altar of Gozag.
  3141 | D:5      | Reached skill level 5 in Fighting
  3141 | D:5      | Reached skill level 6 in Unarmed Combat
  3176 | D:5      | Reached XP level 7. HP: 72/72 MP: 6/6
  3248 | D:5      | Found a hazy altar of Hepliaklqana.
  3295 | D:5      | Noticed Grinder
  3303 | D:5      | Killed Grinder
  3674 | D:5      | Reached skill level 7 in Unarmed Combat
  3737 | D:6      | Reached XP level 8. HP: 19/76 MP: 7/7
  3954 | D:6      | Reached skill level 8 in Unarmed Combat
  4084 | D:6      | Reached skill level 9 in Unarmed Combat
  4084 | D:6      | Reached XP level 9. HP: 58/93 MP: 8/8
  4467 | D:6      | Found a runed translucent door.
  4531 | D:6      | Noticed Atlas's ghost (novice DgTm)
  4961 | D:7      | Noticed a troll
  4973 | D:7      | Found Kajorao's Distillery.
  4985 | D:7      | Reached skill level 10 in Unarmed Combat
  4990 | D:7      | Found an iron altar of Okawaru.
  5001 | D:7      | Noticed Maggie
  5016 | D:7      | Killed Maggie
  5088 | D:7      | Found a staircase to the Ecumenical Temple.
  5105 | Temple   | Entered the Ecumenical Temple
  5273 | Temple   | Became a worshipper of Makhleb the Destroyer
  5273 | Temple   | Reached * piety under Makhleb
  5273 | Temple   | Reached ** piety under Makhleb
  5291 | D:7      | Found a stormy altar of Qazlal.
  5345 | D:7      | Killed a troll
  5370 | D:7      | Found a white marble altar of Elyvilon.
  5392 | D:7      | Reached skill level 1 in Invocations
  5557 | D:7      | Reached XP level 10. HP: 106/106 MP: 8/10
  5783 | D:3      | Killed Crazy Yiuf
  6481 | D:8      | Found a bloodstained altar of Trog.
  6729 | D:9      | Reached *** piety under Makhleb
  6776 | D:9      | Found a staircase to the Orcish Mines.
  6803 | D:9      | Reached skill level 11 in Unarmed Combat
  6877 | D:9      | Noticed Prince Ribbit
  6975 | D:9      | Killed Prince Ribbit
  7065 | D:9      | Found Duom's Antique Weapon Shoppe.
  7080 | D:9      | You fall into a shaft and drop 2 floors!
  7088 | D:11     | Noticed a two-headed ogre
  7104 | D:11     | Killed a two-headed ogre
  7163 | D:11     | Reached XP level 11. HP: 106/117 MP: 13/13
  7168 | D:11     | Reached skill level 10 in Fighting
  7190 | D:11     | Noticed Harold
  7202 | D:11     | Killed Harold
  7203 | D:11     | Reached skill level 5 in Invocations
  7232 | D:11     | Noticed a two-headed ogre
  7241 | D:11     | Killed a two-headed ogre
  7241 | D:11     | Reached **** piety under Makhleb
  7304 | D:11     | Demolished by a titanic slime creature

Illustrated notes

Levels and vault maps discovered:
D:1:      psy_arrival_basics, layout_basic, ebering_ecumenical_altar_webs
D:2:      layout_loops_corners
D:3:      layout_basic, nicolae_ru_great_annihilating_truth,
          uniq_crazy_yiuf_cottage, uniq_natasha
D:4:      layout_basic
D:5:      layout_gridville, nicolae_hepliaklqana_hazy_memory,
          nicolae_gozag_seed_capital, chequers_serial_rivers_micro_b,
          uniq_grinder
D:6:      layout_loops_corners, ebering_ghost_reflecting_pool, minmay_checkerbox
D:7:      layout_rooms, okawaru_gym_becter, nicolae_qazlal_general_emergency,
          elyvilon_altar_1, minmay_temple_entry_glassed_door, serial_shops,
          shop_statue, uniq_maggie
D:8:      layout_basic, trog_hazing_becter
D:9:      layout_roguey [special_room_bee], general_overflow_altar,
          slow_altar_2, david_lair_generic, erik_orc_1, serial_shops,
          nicolae_take_the_stairs, wad_dig_loot, uniq_prince_ribbit1
D:11:     layout_irregular_city, uniq_harold
Temple:   chequers_temple_sunken

Skill      XL: |  1  2  3  4  5  6  7  8  9 10 11 |
---------------+----------------------------------+-----
Fighting       | 3 4 5 6 7 8 9 10 | 10.1
Unarmed Combat | 4 5 6 7 9 10 11 | 11.8
Invocations    | 1 4 5 |  5.4
Dodging        | |  2.4
Stealth        | |  1.0

Action                   |  1- 3 |  4- 6 |  7- 9 | 10-12 || total
-------------------------+-------+-------+-------+-------++-------
Melee: Unarmed           |   133 |   117 |   238 |   271 ||   759
       Punch             |       |     3 |    12 |    13 ||    28
 Stab: Sleeping          |     5 |     2 |       |       ||     7
       Paralysed         |       |     1 |       |       ||     1
Armor: Robe              |    47 |    43 |    33 |       ||   123
       Steam dragon scal |       |       |     9 |    78 ||    87
       Troll leather arm |       |       |       |     2 ||     2
Dodge: Dodged            |    58 |    60 |    62 |   111 ||   291

Table legend: (Time is in decaauts)
 A = Elapsed time spent in this place.
 B = Non-inter-level travel time spent in this place.
 C = Inter-level travel time spent in this place.
 D = Time resting spent in this place.
 E = Time spent auto-exploring this place.
 F = Levels seen in this place.
 G = Mean time per level.
                   A        B        C        D        E       F      G
               +--------+--------+--------+--------+--------+-----+--------+
         Total |   7243 |   6861 |    382 |    114 |   5019 |  11 |  658.5 |
       Dungeon |   7015 |   6633 |    382 |    114 |   4835 |  10 |  701.5 |
        Temple |    227 |    227 |      0 |      0 |    183 |   1 |  227.0 |
               +--------+--------+--------+--------+--------+-----+--------+

Top non-repeatable levels by time:
     D:6: 1303 daAuts
     D:3: 1039 daAuts
     D:2: 871 daAuts
     D:8: 741 daAuts
     D:5: 716 daAuts
     D:1: 603 daAuts
     D:4: 588 daAuts
     D:7: 527 daAuts
     D:9: 409 daAuts
  Temple: 227 daAuts
    D:11: 214 daAuts
